 Dungeon Crawl Stone Soup version 0.21.1-1-g345015fe64 (webtiles) character file.

7718 Gargoyl the Fighter (level 11, -6/95 HPs)
             Began as a Centaur Abyssal Knight on July 28, 2018.
             Was an Elder of Lugonu.
             Mangled by a two-headed ogre
             ... wielding a +0 giant spiked club
              (13 damage)
             ... on level 11 of the Dungeon.
             The game lasted 00:18:55 (10648 turns).

Gargoyl the Fighter (Centaur Abyssal Knight)       Turns: 10648, Time: 00:18:55

Health: -6/95      AC: 15    Str: 13 (14) XL:     11   Next: 0%
Magic:  15/15      EV:  2    Int: 10 (11) God:    Lugonu [****..]
Gold:   584        SH:  5    Dex:  6 (9)  Spells: 10/10 levels left

rFire    + . .     SeeInvis .   a - +5 hand axe
rCold    . . .     Gourm    .   (no shield)
rNeg     . . .     Faith    .   x - +0 plate armour
rPois    +         Spirit   .   t - +0 helmet
rElec    .         Reflect  +   (no cloak)
rCorr    .         Harm     .   i - +1 pair of gloves
MR       .....                  (no barding)
Stlth    ..........             n - +5 amulet of reflection
HPRegen  0.25/turn              s - ring of poison resistance
MPRegen  0.14/turn              g - ring of protection from fire

@: very quick
A: large, hooves 3, clumsy 1, deformed body, deterioration 1, speed 2, low mp 1,
tough skin 3, weak 1, wild magic 1
a: Depart the Abyss, Bend Space, Banish, Corrupt, Renounce Religion


You were on level 11 of the Dungeon.
You worshipped Lugonu.
Lugonu was greatly pleased with you.
You were not hungry.

You visited 1 branch of the dungeon, and saw 11 of its levels.
You visited the Abyss 1 time.

You collected 584 gold pieces.

Inventory:

Hand Weapons
 a - a +5 hand axe (weapon)
 k - a +5 whip
Missiles
 A - 2 javelins (quivered)
Armour
 i - a +1 pair of gloves (worn)
 t - a +0 helmet (worn)
 x - a +0 plate armour (worn)
Jewellery
 g - a ring of protection from fire (right hand)
 j - an uncursed ring of flight
 n - a +5 amulet of reflection (around neck)
 q - an uncursed ring of protection from cold
 s - a ring of poison resistance (left hand)
 H - an uncursed ring of see invisible
 K - an uncursed ring of resist corrosion
Wands
 d - a wand of flame (46)
 w - a wand of disintegration (23)
 C - a wand of acid (20)
 D - a wand of digging (3)
 E - a wand of clouds (2)
 I - a wand of paralysis (10)
Scrolls
 e - 7 scrolls of amnesia
 l - a scroll of identify
 p - 7 scrolls of remove curse
 r - a scroll of magic mapping
 u - 4 scrolls of blinking
 v - 2 scrolls of fog
Potions
 m - 3 potions of flight
 o - 2 potions of curing
 z - a potion of cancellation
 B - a potion of lignification
 F - a potion of ambrosia
Books
 y - a book of Geomancy

   Spells                             Type                      Level
   a - Sandblast                      Earth                        1
   b - Passwall                       Transmutation/Earth          2
   c - Stone Arrow                    Conjuration/Earth            3
   d - Petrify                        Transmutation/Earth          4
   e - Lee's Rapid Deconstruction     Earth                        5
 G - a book of Cantrips

   Spells                             Type                      Level
   a - Confusing Touch                Hexes                        1
   b - Animate Skeleton               Necromancy                   1
   c - Summon Small Mammal            Summoning                    1
   d - Apportation                    Translocation                1
Miscellaneous
 J - a lightning rod (4/4)
Comestibles
 c - 14 rations


   Skills:
 + Level 8.3 Fighting
 + Level 8.1 Axes
 + Level 0.2(5.0) Maces & Flails
 + Level 0.3 Throwing
 * Level 7.7 Armour
 + Level 1.9 Dodging
 * Level 8.1 Invocations


You had 10 spell levels left.
You didn't know any spells.

Dungeon Overview and Level Annotations

Branches:
Dungeon (11/15)            Temple (0/1) D:7             Orc (0/2) D:11
   Lair: D:8-11

Altars:
Cheibriados
Fedhas
Gozag
Ru
Sif Muna
Uskayaw

Annotations:
D:6 1 runed door
Abyss:1 Urug


Innate Abilities, Weirdness & Mutations

You have hooves in place of feet.
Armour fits poorly on your strangely shaped body.
You cover ground very quickly.
You have extremely tough skin. (AC +3)
You are clumsy. (Dex -2)
Your body sometimes deteriorates upon taking damage.
Your magical capacity is low. (-10% MP)
You are weak. (Str -2)
Your spells are a little harder to cast, but a little more powerful.


Message History

The two-headed ogre is severely wounded.
The two-headed ogre hits you with a giant spiked club!
The two-headed ogre hits you with a giant club!
Your body deteriorates!
You feel clumsy.
You hit the two-headed ogre. Your kick misses the two-headed ogre.
The two-headed ogre is severely wounded.
You block the two-headed ogre's attack. x2
You slash the two-headed ogre!
The two-headed ogre is severely wounded.
You hit the two-headed ogre.
The two-headed ogre is almost dead.
The two-headed ogre completely misses you.
The two-headed ogre hits you with a giant club!
* * * LOW HITPOINT WARNING * * *
Your plate armour prevents you from hitting the two-headed ogre.
The two-headed ogre is almost dead.
The two-headed ogre hits you with a giant spiked club!!
* * * LOW HITPOINT WARNING * * *
The two-headed ogre hits you with a giant club!
You die...

#############Z..§Z####
###§### #O.# ...##
#### ############ #
###...?....§..
#...####...##########
#('.O@.### #.######


You could see a two-headed ogre.

Vanquished Creatures
  An unseen horror (D:10)
  A glowing orange brain (Abyss:1)
  A troll (D:10)
  2 hippogriffs
  A spriggan (D:9)
  Sigmund (D:2)
  A vampire (D:10)
  5 yaks (D:7)
  A water moccasin (D:10)
  3 sky beasts
  2 ice beasts
  4 phantoms
  3 ogres
  3 centaurs
  A crocodile (D:8)
  A big kobold (D:10)
  8 bullfrogs
  3 scorpions
  A water moccasin skeleton (D:8)
  A killer bee (D:6)
  5 howler monkeys
  3 crimson imps
  A centaur zombie (D:6)
  A quasit (D:10)
  3 hounds
  An orc priest (D:6)
  2 centaur skeletons
  2 jellies
  9 orc wizards
  3 iguanas
  13 worker ants
  A killer bee zombie (D:8)
  3 worker ant zombies
  11 adders
  3 shadow imps
  An ufetubus (Abyss:1)
  An ooze (D:4)
  2 adder skeletons
  3 worms
  A dart slug (D:2)
  8 leopard geckos
  29 orcs
  5 ball pythons
  7 giant cockroaches
  7 goblins
  11 hobgoblins
  10 jackals
  9 kobolds
  2 quokkas
  6 bats
  4 frilled lizards
  A goblin zombie (D:11)
  A jackal zombie (D:9)
  A leopard gecko skeleton (D:8)
  A leopard gecko zombie (D:6)
  A quokka skeleton (D:7)
  9 rats
  3 butterflies (D:6)
228 creatures vanquished.

Vanquished Creatures (others)
  A yak (D:7)
  An ogre (D:7)
  A centaur (D:7)
  A big kobold (D:7)
  A crimson imp (D:7)
  An orc wizard (D:5)
  An orc (D:5)
7 creatures vanquished.

Grand Total: 235 creatures vanquished

Notes
Turn   | Place    | Note
-------+----------+-------------------------------------------
     0 | Abyss:1  | Gargoyl the Centaur Abyssal Knight began the quest for the Orb.
     0 | Abyss:1  | Reached XP level 1. HP: 19/19 MP: 2/2
    16 | Abyss:1  | Found a shadowy altar of Dithmenos.
    78 | Abyss:1  | Noticed a glowing orange brain
    86 | Abyss:1  | Killed a glowing orange brain
    86 | Abyss:1  | Reached skill level 1 in Dodging
    86 | Abyss:1  | Reached XP level 2. HP: 19/30 MP: 2/4
    86 | Abyss:1  | Reached XP level 3. HP: 23/37 MP: 2/5
    86 | Abyss:1  | Reached XP level 4. HP: 27/44 MP: 2/6
    86 | Abyss:1  | Reached XP level 5. HP: 31/50 MP: 2/7
    86 | Abyss:1  | Reached XP level 6. HP: 36/57 MP: 2/8
    98 | Abyss:1  | Noticed a large abomination
   102 | D:1      | Escaped the Abyss
   156 | D:1      | Reached * piety under Lugonu
   369 | D:1      | Reached XP level 7. HP: 53/63 MP: 9/9
   758 | D:2      | Noticed Sigmund
   988 | D:2      | Gained mutation: You are weak. (Str -2) [potion of mutation]
   988 | D:2      | Gained mutation: Your magical capacity is low. (-10% MP) [potion of mutation]
   988 | D:2      | Gained mutation: You are partially covered in slimy green scales. (AC +2) [potion of mutation]
   996 | D:2      | Killed Sigmund
  1691 | D:3      | Reached ** piety under Lugonu
  2650 | D:4      | Reached *** piety under Lugonu
  2694 | D:4      | Reached XP level 8. HP: 35/71 MP: 10/10
  3321 | D:5      | Entered Level 5 of the Dungeon
  3362 | D:5      | Found a blossoming altar of Fedhas.
  3715 | D:5      | Noticed a hippogriff
  3777 | D:5      | Killed a hippogriff
  3777 | D:5      | Reached skill level 5 in Axes
  3798 | D:5      | Reached skill level 5 in Invocations
  4222 | D:6      | Found a hide-covered altar of Uskayaw.
  4315 | D:6      | Found a snail-covered altar of Cheibriados.
  4315 | D:6      | Found an opulent altar of Gozag.
  4317 | D:6      | Found a deep blue altar of Sif Muna.
  4338 | D:6      | Reached **** piety under Lugonu
  4352 | D:6      | Reached XP level 9. HP: 62/79 MP: 11/11
  4475 | D:6      | Found a runed door.
  4658 | D:6      | Lost mutation: You are weak. (Str -2) [potion of mutation]
  4658 | D:6      | Lost mutation: You are partially covered in slimy green scales. (AC +2) [potion of mutation]
  4658 | D:6      | Gained mutation: You are weak. (Str -2) [potion of mutation]
  4658 | D:6      | Gained mutation: You are clumsy. (Dex -2) [potion of mutation]
  4658 | D:6      | Gained mutation: Your body sometimes deteriorates upon taking damage. [potion of mutation]
  4658 | D:6      | Gained mutation: Your spells are a little harder to cast, but a little more powerful. [potion of mutation]
  5001 | D:6      | Found a runed door.
  5009 | D:6      | Reached skill level 5 in Armour
  6397 | D:7      | Found a staircase to the Ecumenical Temple.
  6766 | D:8      | Reached XP level 10. HP: 63/88 MP: 13/13
  7379 | D:8      | Found a sacrificial altar of Ru.
  8903 | D:10     | Entered Level 10 of the Dungeon
  9146 | D:10     | Noticed an unseen horror
  9163 | D:10     | Killed an unseen horror
 10162 | D:10     | Noticed Urug
 10220 | D:10     | Banished Urug
 10287 | D:10     | Noticed a two-headed ogre
 10298 | D:11     | Noticed a two-headed ogre
 10304 | D:11     | Found a staircase to the Orcish Mines.
 10305 | D:11     | Noticed a cyclops
 10308 | D:11     | Noticed a two-headed ogre
 10636 | D:11     | Reached XP level 11. HP: 92/95 MP: 15/15
 10648 | D:11     | Mangled by a two-headed ogre

Skill      XL: |  1  2  3  4  5  6  7  8  9 10 |
---------------+-------------------------------+-----
Fighting       | 6 7 8 |  8.3
Axes           | 3 4 5 6 8 |  8.1
Armour         | 2 3 4 6 7 |  7.7
Dodging        | 1 |  1.9
Invocations    | 3 4 5 7 8 |  8.1
Maces & Flails | |  0.2
Throwing       | |  0.3

Action                   |  1- 3 |  4- 6 |  7- 9 | 10-12 || total
-------------------------+-------+-------+-------+-------++-------
Melee: Hand axe          |    13 |    44 |   530 |   315 ||   902
       Kick              |     6 |     5 |   102 |    60 ||   173
       Whip              |       |       |     3 |       ||     3
Throw: Javelin           |       |       |     1 |     7 ||     8
Invok: Depart the Abyss  |       |     1 |       |       ||     1
       Banish            |       |       |     4 |     1 ||     5
       Bend Space        |       |       |       |     1 ||     1
  Use: Scroll            |     1 |       |    18 |     4 ||    23
       Potion            |     1 |       |    12 |     9 ||    22
 Stab: Invisible         |       |       |     2 |     3 ||     5
       Distracted        |       |       |       |     1 ||     1
  Eat: Chunk             |       |       |     7 |     9 ||    16
       Ration            |       |       |     3 |     1 ||     4
Armor: Leather armour    |     5 |    19 |    15 |       ||    39
       Ring mail         |       |       |    62 |       ||    62
       Chain mail        |       |       |    54 |       ||    54
       Plate armour      |       |       |   299 |   206 ||   505
       Skin              |       |       |       |    24 ||    24
Dodge: Dodged            |     9 |    39 |   100 |    41 ||   189
Block: Other             |       |       |   129 |    72 ||   201
       Reflection        |       |       |     5 |     3 ||     8
